 Dungeon Crawl Stone Soup version 0.26.1-11-gd32895ea62 (webtiles) character file.

Game seed: 7238941749228258886

1146 Ijustatesigmund the Cudgeller (level 8, -3/57 HPs)
             Began as an Octopode Fighter on July 14, 2021.
             Slain by Descartes's ghost (13 damage)
             ... on level 5 of the Dungeon.
             The game lasted 00:08:05 (5982 turns).

Ijustatesigmund the Cudgeller (Octopode Fighter)    Turns: 5982, Time: 00:08:05

Health: -3/57      AC:  3    Str: 15    XL:     8   Next: 38%
Magic:  8/8        EV: 10    Int: 10    God:
Gold:   157        SH: 14    Dex: 14    Spells: 6/7 levels left

rFire    . . .     SeeInvis .   a - +0 flail
rCold    . . .     Faith    .   b - +0 tower shield
rNeg     . . .     Spirit   .   (helmet restricted)
rPois    .         Reflect  .   (no amulet)
rElec    .         Harm     .   (no ring)
rCorr    .         Rampage  .   (no ring)
Will     .....                  (no ring)
Stlth    ++........             (no ring)
HPRegen  0.19/turn              (no ring)
MPRegen  0.11/turn              (no ring)
                                (no ring)
                                (no ring)

@: mighty
A: almost no armour, stealthy swim, amphibious, 8 rings, constrict 8, yellow
scales 1, camouflage 1, gelatinous body 1, MP-powered wands
a: no special abilities


You were on level 5 of the Dungeon.
You visited 1 branch of the dungeon, and saw 5 of its levels.

You collected 157 gold pieces.

Inventory:

Hand Weapons
 a - a +0 flail (weapon)
Armour
 b - a +0 tower shield (worn)
Wands
 g - a wand of disintegration (7)
 j - a wand of flame (4)
 l - a wand of iceblast (6)
Scrolls
 e - a scroll of teleportation
 i - a scroll of amnesia
 m - 2 scrolls of remove curse
 n - a scroll of magic mapping
 p - 2 scrolls of identify
Potions
 f - a potion of magic
 h - a potion of flight
 k - 2 potions of cancellation
 o - a potion of resistance
 q - a potion of curing


   Skills:
 + Level 5.7 Fighting
 + Level 7.0 Maces & Flails
 - Level 3.0 Dodging
 + Level 5.4 Shields
 + Level 1.6 Evocations


You had 6 spell levels left.
You knew the following spells:

 Your Spells              Type           Power        Failure   Level
a - Magic Dart            Conj           0%           99%         1

Your spell library contained the following spells:

 Spells                   Type           Power        Failure   Level
 Beastly Appendage        Tmut           0%           99%         1
 Searing Ray              Conj           0%           100%        2
 Wereblood                Tmut           0%           100%        2
 Dazzling Flash           Conj/Hex       0%           100%        3
 Spider Form              Tmut/Pois      0%           100%        3
 Fulminant Prism          Conj/Hex       0%           100%        4
 Ice Form                 Ice/Tmut       0%           100%        4
 Iskenderun's Mystic Bla  Conj/Tloc      0%           100%        4
 Blade Hands              Tmut           0%           100%        5


Dungeon Overview and Level Annotations

Branches:
Dungeon (5/15)
 Temple: D:4-7

Altars:
Elyvilon
Hepliaklqana
Okawaru
The Shining One

Shops:
D:5 =[?

Annotations:
D:5 Descartes's ghost, amateur FeWn


Innate Abilities, Weirdness & Mutations

You cannot wear most types of armour.
You are very stealthy in the water. (Stealth+)
You are amphibious.
You can wear up to eight rings at the same time.
You can use your tentacles to constrict eight enemies at once.
Your skin changes colour to match your surroundings (Stealth+).
Your rubbery body absorbs attacks. (AC +1, EV +1)
You are partially covered in yellow scales. (AC +2)
You expend magic power (3 MP) to strengthen your wands.


Message History

You barely miss Descartes's ghost. Your squeeze misses Descartes's ghost.
Descartes's ghost is moderately damaged.
You block Descartes's ghost's attack.
You barely miss Descartes's ghost.
Descartes's ghost is moderately damaged.
You block Descartes's ghost's attack.
You closely miss Descartes's ghost.
Descartes's ghost is moderately damaged.
You block Descartes's ghost's attack. Descartes's ghost hits you!
You closely miss Descartes's ghost.
Descartes's ghost is moderately damaged.
Descartes's ghost hits you!!
You sock Descartes's ghost!
Descartes's ghost is heavily damaged.
Descartes's ghost hits you!
* * * LOW HITPOINT WARNING * * *
You thump Descartes's ghost!
Descartes's ghost is almost destroyed.
Descartes's ghost hits you!
You die...

..._......##..##...............##
.....###.###..#...........≈.≈..#
#...###.># #..#..........≈≈.≈≈.##
###...#.## #..#..........≈≈∩≈≈.<.
###...## #..##....[....≈≈≈≈≈... #
###...###...#..........≈≈≈....
####.......#.....................
.#......########..............#..
...###..#≈$≈≈≈≈W@.#...........##.
..## #..########...###...........
.## ##.....###..#.######........
..####....#.######..####.......#.
....#....###.### ##...........##.
###.....## #...###..####.....####
# ##....# ##........# ##.....# #
# ##..## #.........###......####
# ##...# ##......##..#........##.


You could see Descartes's ghost.

Vanquished Creatures
  Duvessa (D:4)
  A water moccasin (D:5)
  An orc warrior (D:4)
  A centaur (D:4)
  Blork the orc (D:4)
  Dowan (D:4)
  A hound (D:5)
  4 orc priests
  6 orc wizards
  2 iguanas (D:4)
  4 worker ants
  A hound skeleton (D:5)
  7 adders
  A white imp (D:5)
  An adder zombie (D:5)
  3 worms
  A dart slug (D:2)
  3 leopard geckos
  14 orcs
  5 bats
  7 giant cockroaches
  5 goblins
  6 hobgoblins
  8 jackals
  7 kobolds
  3 quokkas
  3 ball pythons
  A ball python skeleton (D:4)
  6 frilled lizards
  14 rats
119 creatures vanquished.

Notes
Turn   | Place    | Note
-------+----------+-------------------------------------------
     0 | D:1      | Ijustatesigmund the Octopode Fighter began the quest for
                  | the Orb.
     0 | D:1      | Reached XP level 1. HP: 16/16 MP: 1/1
   197 | D:1      | Reached XP level 2. HP: 21/21 MP: 2/2
   538 | D:1      | Gained mutation: Your flesh is heat resistant. (rF+)
                  | [potion of mutation]
   538 | D:1      | Gained mutation: Your body sometimes deteriorates upon
                  | taking damage. [potion of mutation]
   538 | D:1      | Gained mutation: Scrolls take you a little longer to read.
                  | [potion of mutation]
   538 | D:1      | Gained mutation: You are surrounded by a mild repulsion
                  | field. (EV +2) [potion of mutation]
   596 | D:1      | Reached skill level 3 in Maces & Flails
   597 | D:1      | Reached XP level 3. HP: 19/26 MP: 3/3
  2035 | D:3      | Reached XP level 4. HP: 26/33 MP: 4/4
  2231 | D:3      | Reached skill level 4 in Maces & Flails
  2231 | D:3      | Reached XP level 5. HP: 24/37 MP: 5/5
  2552 | D:3      | Learned a level 1 spell: Magic Dart
  2773 | D:4      | Noticed Blork the orc
  2783 | D:4      | Killed Blork the orc
  2784 | D:4      | Reached XP level 6. HP: 35/43 MP: 6/6
  3105 | D:4      | Reached skill level 5 in Maces & Flails
  3306 | D:4      | Noticed Duvessa
  3317 | D:4      | Noticed Dowan
  3324 | D:4      | Killed Duvessa
  3325 | D:4      | Reached XP level 7. HP: 25/49 MP: 7/7
  3327 | D:4      | Killed Dowan
  3527 | D:4      | Reached skill level 6 in Maces & Flails
  3535 | D:4      | Reached skill level 5 in Fighting
  4127 | D:5      | Entered Level 5 of the Dungeon
  4358 | D:5      | Reached skill level 5 in Shields
  4358 | D:5      | Reached XP level 8. HP: 55/55 MP: 8/8
  4805 | D:5      | Found Tyad Zom's Antique Armour Boutique.
  4815 | D:5      | Found Nule's Magic Scroll Emporium.
  4835 | D:5      | Found a runed translucent door.
  4992 | D:5      | Lost mutation: Scrolls take you a little longer to read.
                  | [potion of mutation]
  4992 | D:5      | Lost mutation: You are surrounded by a mild repulsion
                  | field. (EV +2) [potion of mutation]
  4992 | D:5      | Lost mutation: Your body sometimes deteriorates upon taking
                  | damage. [potion of mutation]
  4992 | D:5      | Lost mutation: Your flesh is heat resistant. (rF+) [potion
                  | of mutation]
  4992 | D:5      | Gained mutation: You have an increased reservoir of magic.
                  | (+10% MP) [potion of mutation]
  4992 | D:5      | Gained mutation: You evolve. [potion of mutation]
  4992 | D:5      | Lost mutation: You have an increased reservoir of magic.
                  | (+10% MP) [potion of mutation]
  4992 | D:5      | Gained mutation: You expend magic power (3 MP) to
                  | strengthen your wands. [potion of mutation]
  5034 | D:5      | Found a hazy altar of Hepliaklqana.
  5035 | D:5      | Found a glowing golden altar of the Shining One.
  5038 | D:5      | Found an iron altar of Okawaru.
  5038 | D:5      | Found a white marble altar of Elyvilon.
  5047 | D:5      | Reached skill level 1 in Evocations
  5179 | D:5      | Found Sehouj's Jewellery Shoppe.
  5365 | D:5      | Gained mutation: You are partially covered in yellow
                  | scales. (AC +2) [evolution]
  5365 | D:5      | Lost mutation: You evolve. [end of evolution]
  5969 | D:5      | Noticed Descartes's ghost (amateur FeWn)
  5974 | D:5      | Reached skill level 7 in Maces & Flails
  5982 | D:5      | Slain by Descartes's ghost

Illustrated notes

Levels and vault maps discovered:
D:1:      ncdulo_lavacross, layout_loops_ring, minmay_misc_feat_tiny,
          dk_noncrumbling_4, minmay_rat_gold_closets
D:2:      layout_loops_ring
D:3:      layout_basic
D:4:      layout_cave_pools, guppyfry_early_orc_mine, uniq_duvessa,
          uniq_blork_the_orc
D:5:      layout_layer_cave, grunt_temple_overflow_open, serial_shops,
          nicolae_shop_waterfront, nicolae_shop_trees, kennysheep_little_box,
          ebering_ghost_sewer_d

Skill      XL: |  1  2  3  4  5  6  7  8 |
---------------+-------------------------+-----
Maces & Flails | 3 4 5 6 7 |  7.0
Fighting       | 4 5 |  5.7
Shields        | 4 5 |  5.4
Evocations     | 1 |  1.6
Dodging        | |  3.0

Action                   |  1- 3 |  4- 6 |  7- 9 || total
-------------------------+-------+-------+-------++-------
Melee: Flail             |    88 |    71 |   100 ||   259
       Constrict         |    28 |    22 |    23 ||    73
       Tentacles         |    14 |    15 |    18 ||    47
Evoke: Wand              |       |     5 |     4 ||     9
  Use: Scroll            |     6 |     9 |       ||    15
       Potion            |     1 |     1 |     6 ||     8
 Stab: Sleeping          |    10 |     6 |     3 ||    19
       Distracted        |       |     1 |       ||     1
Armor: Skin              |     5 |     2 |     3 ||    10
Dodge: Dodged            |    34 |    36 |    45 ||   115
Block: Kite shield       |    23 |       |       ||    23
       Tower shield      |    13 |    49 |    92 ||   154
